 Dungeon Crawl Stone Soup version 0.29.0-7-g18a832c13a (webtiles) character file.

Game seed: 7938085258705076059

44347 freelancePsychic the Warrior (level 14, -1/98 HPs)
             Began as a Kobold Necromancer on Aug 30, 2022.
             Was a High Priest of Wu Jian.
             Hit by a silver javelin thrown by a minotaur (4 damage)
             ... on level 5 of the Lair of Beasts.
             The game lasted 00:43:53 (23371 turns).

freelancePsychic the Warrior (Kobold Necromancer)  Turns: 23371, Time: 00:43:53

Health: -1/98      AC: 12    Str:  6    XL:     14   Next: 65%
Magic:  10/20      EV: 20    Int: 34    God:    Wu Jian [*****.]
Gold:   1192       SH:  0    Dex: 15    Spells: 8/22 levels left

rFire   + . .      SeeInvis .   b - +1 dagger (pain)
rCold   . . .      Faith    +   (no shield)
rNeg    . . .      Spirit   .   I - +0 troll leather armour
rPois   .          Reflect  .   (no helmet)
rElec   .          Harm     .   d - +0 cloak
rCorr   .          Rampage  .   J - +2 pair of gloves {hurl}
Will    +....                   y - +2 pair of boots
Stlth   +++++.....              w - amulet of Boyna {Faith Int+7}
HPRegen 1.06/turn               h - +6 ring of intelligence
MPRegen 0.17/turn               f - ring of protection from fire

@: about to teleport
A: small, no large weapons, nightstalker 3
a: Renounce Religion, Wall Jump, Serpent's Lash, Heavenly Storm


You were on level 5 of the Lair of Beasts.
You worshipped Wu Jian.
Wu Jian was extremely pleased with you.
You visited 3 branches of the dungeon, and saw 17 of its levels.
You also visited: Sewer, Ossuary, Gauntlet and Volcano.

You collected 1192 gold pieces.

Inventory:

Hand Weapons
 a - a +5 dagger of venom
 b - a +1 dagger of pain (weapon)
 i - a +2 vorpal dagger
 q - a +0 rapier
Missiles
 c - a throwing net
 H - 8 curare-tipped darts
Armour
 d - a +0 cloak (worn)
 y - a +2 pair of boots (worn)
 I - a +0 troll leather armour (worn)
 J - a +2 pair of gloves of hurling (worn)
 P - the +1 cloak of Deluduamn {Str+8}
   (You found it in a Gauntlet)

   Str:       It affects your strength (+8).
 S - a scarf of resistance
Jewellery
 f - a ring of protection from fire (right hand)
 h - a +6 ring of intelligence (left hand)
 j - a ring of wizardry
 n - a ring of positive energy
 w - the amulet of Boyna (around neck) {Faith Int+7}
   (You found it on level 9 of the Dungeon)

   [amulet of faith]

   It allows you to gain divine favour quickly.
   Int:       It affects your intelligence (+7).
 B - an amulet of faith
Wands
 m - a wand of digging (5)
 p - a wand of flame (27)
 z - a wand of mindburst (11)
 D - a wand of charming (19)
Scrolls
 o - 4 scrolls of blinking
 r - 3 scrolls of teleportation {@r4}
 x - 3 scrolls of amnesia
 F - 2 scrolls of brand weapon
 G - 3 scrolls of immolation
 L - 3 scrolls of torment
 M - a scroll of fog
 N - 2 scrolls of poison
 T - a scroll of enchant armour
 U - a scroll of enchant weapon
Potions
 e - a potion of magic
 g - 16 potions of degeneration
 k - 6 potions of heal wounds {@q2}
 l - a potion of flight
 s - a potion of cancellation
 t - 4 potions of mutation {unknown}
 u - 4 potions of might
 v - 4 potions of attraction {unknown}
 A - a potion of brilliance
 C - a potion of ambrosia
 O - 3 potions of curing {@q1}
 R - 2 potions of lignification
Miscellaneous
 E - a phantom mirror (inert)
 Q - a condenser vane


   Skills:
 + Level 15.2 Fighting
 - Level 10.0 Short Blades
 + Level 3.5 Armour
 - Level 12.3 Dodging
 - Level 10.0 Stealth
 - Level 4.5 Spellcasting
 + Level 10.7 Necromancy
 + Level 7.8 Ice Magic
 - Level 4.4 Evocations


You had 8 spell levels left.
You knew the following spells:

 Your Spells              Type           Power      Damage    Failure   Level
a - Necrotise             Necr           100%       1d9       1%          1
b - Vampiric Draining     Necr           69%        2d10      1%          3
c - Animate Dead          Necr           69%        N/A       1%          4
d - Simulacrum            Ice/Necr       31%        N/A       24%         6

Your spell library contained the following spells:

 Spells                   Type           Power      Damage    Failure   Level
 Ozocubu's Armour         Ice            57%        N/A       1%          3
 Agony                    Necr           69%        N/A       2%          5
 Magic Dart               Conj           28%        1d4       7%          1
 Summon Small Mammal      Summ           28%        N/A       7%          1
 Call Imp                 Summ           7%         N/A       11%         2
 Poisonous Vapours        Pois/Air       14%        N/A       11%         2
 Searing Ray              Conj           14%        2d5       11%         2
 Corpse Rot               Necr/Pois/Air  31%        N/A       16%         4
 Call Canine Familiar     Summ           7%         N/A       22%         3
 Confusing Touch          Hex            7%         N/A       22%         3
 Dazzling Flash           Conj/Hex       14%        N/A       22%         3
 Gell's Gravitas          Tloc           7%         N/A       22%         3
 Mephitic Cloud           Conj/Pois/Air  7%         N/A       22%         3
 Portal Projectile        Hex/Tloc       14%        N/A       22%         3
 Summon Guardian Golem    Hex/Summ       7%         N/A       22%         3
 Teleport Other           Tloc           7%         N/A       22%         3
 Metabolic Englaciation   Hex/Ice        17%        N/A       36%         5
 Fulminant Prism          Conj/Hex       3%         3d6       56%         4
 Iskenderun's Mystic Bla  Conj/Tloc      7%         2d4       56%         4
 Leda's Liquefaction      Hex/Erth       3%         N/A       56%         4
 Yara's Violent Unravell  Hex/Tmut       3%         3d4       89%         5
 Dispersal                Tloc           3%         N/A       100%        6
 Starburst                Conj/Fire      3%         6d3       100%        6
 Enfeeble                 Hex            3%         N/A       100%        7


Dungeon Overview and Level Annotations

Branches:
Dungeon (11/15)            Temple (1/1) D:7            Lair (5/5) D:8
  Swamp (0/4) Lair:2        Snake (0/4) Lair:2        Slime (0/5) Lair:4
    Orc (0/2) D:11          Sewer (visited)         Ossuary (visited)
Volcano (visited)         Gauntlet (visited)

Altars:
Ashenzari
Cheibriados
Dithmenos
Elyvilon
Fedhas
Gozag
Hepliaklqana
Kikubaaqudgha
Makhleb
Nemelex Xobeh
Okawaru
Qazlal
Ru
Sif Muna
Trog
Uskayaw
Vehumet
Wu Jian
Xom
Yredelemnul
Zin
The Shining One
Jiyva

Annotations:
D:4 exclusion: centaur
D:6 exclusion: wight, Pikel
D:7 exclusion: 3 killer bees
D:8 1 transporter, exclusion: 3 wights, ystael's ghost, novice MiFi


Innate Abilities, Weirdness & Mutations

You are small and have problems with some larger weapons.
You are completely attuned to the shadows.


Message History

The minotaur completely misses you.
Casting: Vampiric Draining (safe; 1% risk of failure)
Confirm with . or Enter, or press ? or * to list all spells.
Aiming: Vampiric Draining (safe; 1% risk of failure)
Press: ? - help, Shift-Dir - straight line, f/p - minotaur
Aim: a minotaur, wielding a staff of earth, wearing a +0 chain mail, wearing the ring "Vodi" {*Slow Fly rPois rN+ Str+3} and quivering silver javelins (moderately wounded)
You draw life force from the minotaur!
You feel life coursing into your body. The minotaur closely misses you.
The minotaur barely misses you.
Casting: Vampiric Draining (safe; 1% risk of failure)
Confirm with . or Enter, or press ? or * to list all spells.
Aiming: Vampiric Draining (safe; 1% risk of failure)
Press: ? - help, Shift-Dir - straight line, f/p - minotaur
Aim: a minotaur, wielding a staff of earth, wearing a +0 chain mail, wearing the ring "Vodi" {*Slow Fly rPois rN+ Str+3} and quivering silver javelins (heavily wounded)
You draw life force from the minotaur.
You feel life coursing into your body.
You feel less exhausted.
The minotaur hits you with a staff of earth!!
* * * LOW HITPOINT WARNING * * *
The minotaur completely misses you.
As you read the scroll of fear, it crumbles to dust.
You assume a fearsome visage.
The minotaur resists with almost no effort.
The minotaur hits you with a staff of earth.
* * * LOW HITPOINT WARNING * * *
The minotaur gores you but does no damage.
Blink to where?
Press: ? - help, Dir - move target, p - minotaur
As you read the scroll of blinking, it crumbles to dust.
What are your orders? t - Shout!
Orders for allies: a - Attack new target. r - Retreat! s - Stop attacking. g - Guard the area. f - Follow me.
Anything else - Cancel.
Okay, then.
As you read the scroll of teleportation {@r4}, it crumbles to dust.
You feel strangely unstable.
The minotaur throws a silver javelin.
The silver javelin pierces through you!!
* * * LOW HITPOINT WARNING * * *
You die...

### ## ###.######..#
#.......∩....
#.....H.....
##HP#.##..P. #.####
#.## ####..# ##
#.....# ##...@# ..#
#.#.## ..## #.#.#
.#. ##..#
##..#####..###...#
##
#..##.....##.#†.##..
##..#.#..P.#...†....
#...ZZZ............
#..................
#..................


You could see a minotaur.

Vanquished Creatures
  6 hydras
  3 two-headed ogres
  6 death yaks
  A hell hog (Gauntlet)
  A hell knight (Volcano)
  2 ugly things
  A wolf spider (Lair:4)
  A cyclops (D:11)
  13 elephants
  3 black mambas
  3 cane toads
  A gargoyle (D:10)
  A rime drake (Lair:1)
  9 komodo dragons
  A troll (D:11)
  A red devil (Volcano)
  A tyrant leech (Lair:2)
  A shadow (D:11)
  A wraith (D:11)
  A human (D:10)
  3 hogs (D:10)
  4 fire bats (Gauntlet)
  4 wyverns
  42 yaks
  5 basilisks
  2 vampire mosquitoes (D:11)
  A swamp worm (Lair:2)
  Edmund (D:5)
  13 water moccasins
  3 acid dragons
  5 hell hounds
  3 orc warriors
  5 black bears
  11 wolves
  4 centaurs
  A kobold brigand (D:9)
  A phantom (D:5)
  3 lemures
  A gnoll sergeant (D:9)
  8 bullfrogs
  3 necrophages
  2 scorpions
  13 wights
  13 killer bees
  5 howler monkeys
  2 electric eels
  2 hounds
  3 jellies
  Crazy Yiuf (D:7)
  7 orc priests
  3 iguanas
  7 orc wizards
  A hell rat (Sewer)
  8 gnolls
  6 adders
  2 river rats (Sewer)
  3 white imps
  2 worms
  3 dart slugs
  28 orcs
  6 bats
  9 endoplasms
  9 giant cockroaches
  7 goblins
  7 hobgoblins
  4 jackals (D:1)
  7 quokkas
  4 ball pythons
  2 frilled lizards (D:1)
  10 kobolds
  A quokka zombie (D:4)
  7 rats
  A rat zombie (D:4)
365 creatures vanquished.

Vanquished Creatures (collateral kills)
  A hydra (Lair:3)
  A two-headed ogre (D:10)
  3 death yaks (Lair:4)
  2 elephants
  A komodo dragon (Lair:3)
  6 yaks
  2 swamp worms (Lair:2)
  A water moccasin (Lair:2)
  13 wolves
  A centaur (D:10)
  A killer bee (D:10)
  A howler monkey (D:10)
  An electric eel (Lair:2)
  An orc priest (D:11)
  3 jellies (Lair:4)
  An orc wizard (D:9)
  3 orcs (D:11)
  An endoplasm (Lair:4)
  2 butterflies (Lair:3)
45 creatures vanquished.

Vanquished Creatures (others)
  A vampire mosquito (D:11)
  A two-headed ogre zombie (D:9)
  4 elephant zombies (Lair:4)
  A swamp drake (D:11)
  A wyvern zombie (D:9)
  A water moccasin zombie (D:9)
  5 yak zombies
  4 wolf zombies
  A demonic plant (Gauntlet)
  36 fungi
  48 plants
103 creatures vanquished.

Grand Total: 513 creatures vanquished

Notes
Turn   | Place    | Note
-------+----------+-------------------------------------------
     0 | D:1      | freelancePsychic the Kobold Necromancer began the quest for
                  | the Orb.
     0 | D:1      | Reached XP level 1. HP: 10/10 MP: 3/3
   284 | D:1      | Reached skill level 1 in Short Blades
   284 | D:1      | Reached XP level 2. HP: 16/16 MP: 3/5
   458 | D:1      | Reached skill level 1 in Fighting
   484 | D:1      | Reached XP level 3. HP: 20/20 MP: 3/6
  1264 | D:2      | Found a faded altar of an unknown god.
  1322 | D:2      | Reached XP level 4. HP: 24/25 MP: 0/7
  3280 | D:4      | Noticed a centaur
  3387 | D:4      | Found a sand-covered staircase.
  3399 | Ossuary  | Entered an ossuary
  3669 | D:4      | Reached skill level 2 in Fighting
  3669 | D:4      | Reached XP level 5. HP: 30/30 MP: 3/8
  4199 | D:4      | Reached XP level 6. HP: 31/36 MP: 4/9
  4357 | D:4      | Reached skill level 5 in Short Blades
  4806 | D:4      | Reached skill level 3 in Fighting
  4848 | D:5      | Entered Level 5 of the Dungeon
  4848 | D:5      | Noticed Edmund
  4852 | D:5      | Killed Edmund
  4853 | D:5      | Reached skill level 5 in Stealth
  4853 | D:5      | Reached XP level 7. HP: 41/41 MP: 10/10
  5008 | D:5      | Found a glowing drain.
  5031 | Sewer    | Entered a sewer
  5433 | D:5      | Reached skill level 4 in Fighting
  5711 | D:5      | Found an iron altar of Okawaru.
  5965 | D:5      | Reached XP level 8. HP: 48/48 MP: 11/11
  6745 | D:6      | Noticed a yak
  6745 | D:6      | Noticed a yak
  7009 | D:6      | Reached skill level 5 in Fighting
  7281 | D:6      | Noticed Pikel
  7800 | D:6      | Reached XP level 9. HP: 31/53 MP: 12/12
  8021 | D:6      | Reached skill level 10 in Short Blades
  8021 | D:6      | Reached skill level 1 in Evocations
  8465 | D:6      | Reached skill level 6 in Fighting
  8504 | D:6      | Reached skill level 5 in Dodging
  8509 | D:6      | Reached skill level 7 in Fighting
  9196 | D:7      | Reached XP level 10. HP: 63/63 MP: 13/13
  9347 | D:7      | Found a staircase to the Ecumenical Temple.
  9357 | Temple   | Entered the Ecumenical Temple
  9559 | Temple   | Became a worshipper of the Wu Jian Council
  9664 | D:7      | Found a runed translucent door.
  9667 | D:7      | Noticed Crazy Yiuf
  9674 | D:7      | Killed Crazy Yiuf
  9890 | D:7      | Found a hide-covered altar of Uskayaw.
  9891 | D:7      | Found a sparkling altar of Nemelex Xobeh.
  9996 | D:7      | Reached skill level 8 in Fighting
 10594 | D:8      | Identified the +5 dire flail of Honour {drain, rPois}
 10595 | D:8      | Found a transporter.
 10595 | D:8      | Noticed ystael's ghost (novice MiFi)
 10799 | D:8      | Identified the +5 tower shield "Yntek" {Will+ Dex+3}
 10815 | D:8      | Noticed a two-headed ogre
 11497 | D:8      | Killed a two-headed ogre
 11498 | D:8      | Reached skill level 9 in Fighting
 11616 | D:8      | HP: 3/85 [wight/+2 mace of freezing (2)]
 12088 | D:8      | Learned a level 3 spell: Vampiric Draining
 12521 | D:8      | Reached XP level 11. HP: 55/69 MP: 1/14
 12531 | D:8      | Reached skill level 10 in Stealth
 12615 | D:8      | Found a staircase to the Lair.
 12917 | D:8      | Found an opulent altar of Gozag.
 13046 | D:8      | Reached * piety under Wu Jian
 13224 | D:8      | Learned a level 4 spell: Animate Dead
 13350 | D:9      | Reached skill level 5 in Necromancy
 13369 | D:9      | Reached skill level 10 in Fighting
 13678 | D:9      | Identified the amulet of Boyna {Faith Int+7}
 13837 | D:9      | Noticed a two-headed ogre
 14095 | D:9      | Found a glowing golden altar of the Shining One.
 14298 | D:9      | Killed a two-headed ogre
 14472 | D:9      | Reached skill level 11 in Fighting
 14701 | D:9      | Noticed a two-headed ogre
 14707 | D:9      | Killed a two-headed ogre
 15012 | D:10     | Entered Level 10 of the Dungeon
 15234 | D:10     | Noticed a two-headed ogre
 15242 | D:10     | Killed a two-headed ogre
 15495 | D:10     | Reached ** piety under Wu Jian
 15511 | D:10     | Reached XP level 12. HP: 81/81 MP: 15/15
 15513 | D:10     | Reached skill level 12 in Fighting
 16065 | D:10     | Found a stormy altar of Qazlal.
 17273 | D:11     | Found a staircase to the Orcish Mines.
 17277 | D:11     | Reached *** piety under Wu Jian
 17465 | Lair:1   | Entered Level 1 of the Lair of Beasts
 17590 | Lair:1   | Noticed an eight-headed hydra
 17594 | Lair:1   | Killed an eight-headed hydra
 17624 | Lair:1   | Noticed a six-headed hydra
 17625 | Lair:1   | Killed a six-headed hydra
 17632 | Lair:1   | Found a dark tunnel.
 17638 | Volcano  | Entered a volcano
 17708 | Volcano  | Reached skill level 10 in Necromancy
 17718 | Volcano  | Noticed a hell knight
 17721 | Volcano  | Killed a hell knight
 18443 | Lair:2   | Reached XP level 13. HP: 87/87 MP: 19/19
 18454 | Lair:2   | Reached skill level 1 in Ice Magic
 18467 | Lair:2   | Reached skill level 10 in Dodging
 18536 | Lair:2   | Reached skill level 13 in Fighting
 18579 | Lair:2   | Learned a level 6 spell: Simulacrum
 18886 | Lair:2   | Found a staircase to the Snake Pit.
 19032 | Lair:2   | Noticed a five-headed hydra
 19034 | Lair:2   | Killed a five-headed hydra
 19040 | Lair:2   | Noticed a four-headed hydra
 19047 | Lair:2   | Killed a four-headed hydra
 19475 | Lair:2   | Reached skill level 5 in Ice Magic
 19602 | Lair:2   | Reached **** piety under Wu Jian
 19833 | Lair:2   | Found a staircase to the Swamp.
 19998 | Lair:3   | Reached skill level 14 in Fighting
 20412 | Lair:3   | Noticed a six-headed hydra
 20417 | Lair:3   | Killed a six-headed hydra
 20459 | Lair:3   | Reached XP level 14. HP: 96/96 MP: 20/20
 21537 | Lair:4   | Reached skill level 1 in Armour
 21724 | Lair:4   | Found a viscous altar of Jiyva.
 21724 | Lair:4   | Found a staircase to the Slime Pits.
 21784 | Lair:4   | Reached ***** piety under Wu Jian
 22373 | Lair:4   | Reached skill level 15 in Fighting
 22690 | Lair:5   | Entered Level 5 of the Lair of Beasts
 22951 | Lair:5   | Found a gate leading to a gauntlet.
 22957 | Gauntlet | Entered a Gauntlet
 22957 | Gauntlet | Found a transporter.
 22968 | Gauntlet | Found a transporter.
 22998 | Gauntlet | Found a transporter.
 23009 | Gauntlet | Found a transporter.
 23029 | Gauntlet | Found a runed translucent gate.
 23051 | Gauntlet | Found a transporter.
 23206 | Gauntlet | Found a transporter.
 23207 | Gauntlet | Found a transporter.
 23217 | Gauntlet | Found a runed translucent gate.
 23231 | Gauntlet | Found a transporter.
 23236 | Gauntlet | Found a transporter.
 23240 | Gauntlet | Found a transporter.
 23249 | Gauntlet | Found a transporter.
 23249 | Gauntlet | Found a transporter.
 23271 | Gauntlet | Identified the +1 cloak of Deluduamn {Str+8}
 23344 | Gauntlet | Identified the ring "Vodi" {*Slow Fly rPois rN+ Str+3}
 23344 | Gauntlet | Noticed a minotaur
 23371 | Lair:5   | HP: 3/98 [minotaur/silver javelin (20)]
 23371 | Lair:5   | Hit by a silver javelin thrown by a minotaur

Illustrated notes

Levels and vault maps discovered:
D:1:      lightli_arrival_statuegarden, layout_basic
D:2:      layout_basic, nicolae_ecumenical_pavilion
D:3:      layout_loops_cross
D:4:      layout_basic, enter_ossuary_4
D:5:      layout_loops_corners, old_standard_altar, gup_sewer_entry_bubbles,
          uniq_edmund
D:6:      layout_basic, nicolae_concentric_dashed_squares_mild, uniq_pikel
D:7:      layout_loops_ring, chequers_temple_overflow_statue_of_worship,
          minmay_temple_entry_butterflies, chequers_serial_rivers_small_b,
          uniq_crazy_yiuf_cottage
D:8:      layout_loops_corners, mainiacjoe_overflow_alcove_2,
          minmay_lair_entry_grove, gammafunk_ghost_smash, minivault_25
D:9:      layout_irregular_city, old_standard_altar, minmay_fractal_squares_5
D:10:     layout_rooms, nicolae_qazlal_eye_of_the_storm, grunt_livestock
D:11:     layout_roguey, erik_orc_1
Temple:   nicolae_temple_elliptical
Lair:1:   layout_chaotic_city, nicolae_volcano_entry_two_sided,
          serial_bayou_shore_a, grunt_megastairs_3
Lair:2:   layout_gridlike, palyth_hydra_swamp_entry, dummy_snake_entry,
          grunt_megastairs_1
Lair:3:   layout_cave_pods, st_stairs_13, lemuel_fruit_fields
Lair:4:   layout_gridlike, nicolae_slime_entry_slimehenge,
          nicolae_lair_run_with_the_wolves
Lair:5:   evilmike_catoblepas_cave, layout_regular_city, gauntlet_entry_generic,
          wad_woods_river_04

Skill      XL: |  1  2  3  4  5  6  7  8  9 10 11 12 13 14 |
---------------+-------------------------------------------+-----
Short Blades   | 1 2 3 4 5 7 9 10 | 10.0
Stealth        | 3 4 5 6 7 8 9 10 | 10.0
Fighting       | 1 2 3 4 5 7 9 11 12 14 15 | 15.2
Dodging        | 5 8 9 12 | 12.3
Evocations     | 4 |  4.4
Necromancy     | 8 10 | 10.7
Spellcasting   | 4 |  4.5
Ice Magic      | 6 7 |  7.8
Armour         | 3 |  3.5

Action                   |  1- 3 |  4- 6 |  7- 9 | 10-12 | 13-15 || total
-------------------------+-------+-------+-------+-------+-------++-------
Melee: Dagger            |    31 |    53 |   277 |   542 |   556 ||  1459
       Punch             |       |       |     8 |     7 |     9 ||    24
 Cast: Necrotise         |    34 |    44 |    35 |    12 |       ||   125
       Vampiric Draining |       |       |       |    36 |    28 ||    64
       Animate Dead      |       |       |       |     4 |     5 ||     9
       Simulacrum        |       |       |       |       |     7 ||     7
Invok: Lunge             |       |       |       |    54 |    26 ||    80
       Whirlwind         |       |       |       |    19 |    18 ||    37
       Serpent's Lash    |       |       |       |     3 |     8 ||    11
Evoke: Wand              |       |       |    12 |     8 |     5 ||    25
       Phantom mirror    |       |       |       |       |     1 ||     1
  Use: Scroll            |     1 |     6 |     7 |    11 |    10 ||    35
       Potion            |       |     2 |     5 |     3 |     3 ||    13
 Stab: Sleeping          |    14 |    19 |    13 |    54 |    17 ||   117
       Distracted        |       |       |     1 |     6 |    10 ||    17
       Invisible         |       |       |       |       |     2 ||     2
Armor: Robe              |     4 |     5 |    38 |    24 |       ||    71
       Skin              |       |       |       |     2 |       ||     2
       Troll leather arm |       |       |       |    18 |    83 ||   101
Dodge: Dodged            |    35 |    36 |   130 |   227 |   340 ||   768
